 Dungeon Crawl Stone Soup version 0.29.1-15-g9cfb28693d (webtiles) character file.

Game seed: 13334102566656512621

1373 promet the Thaumaturge (level 8, -7/46 HPs)
             Began as a Deep Elf Hedge Wizard on Mar 8, 2023.
             Was an Initiate of Makhleb.
             Mangled by fleeber's ghost (9 damage)
             ... on level 5 of the Dungeon.
             The game lasted 00:53:03 (10021 turns).

promet the Thaumaturge (Deep Elf Hedge Wizard)     Turns: 10021, Time: 00:53:03

Health: -7/46      AC:  6    Str:  7    XL:     8   Next: 39%
Magic:  5/22       EV: 13    Int: 22    God:    Makhleb [......]
Gold:   194        SH:  0    Dex: 20    Spells: 10/23 levels left

rFire   . . .      SeeInvis .   a - +2 hand axe (venom)
rCold   . . .      Faith    .   (no shield)
rNeg    . . .      Spirit   .   x - +3 leather armour
rPois   .          Reflect  .   (helmet currently unavailable)
rElec   .          Harm     .   (no cloak)
rCorr   .          Rampage  .   (no gloves)
Will    .....                   (boots currently unavailable)
Stlth   +++.......              h - amulet of the acrobat
HPRegen 0.15/turn               u - +6 ring of dexterity
MPRegen 0.18/turn               (no ring)

@: appendages (expiring), on blink cooldown, very slightly contaminated
A: horns 2, talons 2
a: End Transformation, Renounce Religion


You were on level 5 of the Dungeon.
You worshipped Makhleb.
Makhleb was noncommittal.
You had temporarily grown beastly horns and talons.
You visited 1 branch of the dungeon, and saw 5 of its levels.

You collected 194 gold pieces.

Inventory:

Hand Weapons
 a - a +2 hand axe of venom (weapon)
 b - a +0 arbalest
 e - a +0 spear
 m - a +0 dagger
 n - a +0 broad axe
 q - a +1 dagger of speed
 r - a +3 flail
 t - a +0 dagger of venom
 v - a +0 scythe
 y - a +0 whip of electrocution
 D - a +1 sling
Missiles
 f - 47 stones
 i - 15 boomerangs (quivered)
Armour
 c - a +0 hat
 k - a +0 helmet (melded)
 l - a +0 robe
 x - a +3 leather armour (worn)
Jewellery
 h - an amulet of the acrobat (around neck)
 u - a +6 ring of dexterity (left hand)
Scrolls
 g - a scroll of butterflies
 j - 3 scrolls of identify
 s - a scroll of blinking
 A - a scroll of amnesia
 C - 2 scrolls of fear
Potions
 d - a potion of magic
 o - 4 potions of curing
 p - 2 potions of brilliance
 w - a potion of heal wounds
 z - a potion of haste


   Skills:
 * Level 3.4 Fighting
 + Level 0.5 Short Blades
 + Level 1.5(1.6) Axes
 + Level 0.1(0.8) Polearms
 + Level 1.3 Ranged Weapons
 + Level 1.1 Armour
 + Level 3.7 Dodging
 + Level 5.0 Stealth
 + Level 8.2 Spellcasting
 + Level 2.6 Conjurations
 + Level 0.2 Hexes
 + Level 3.3 Summonings
 + Level 1.3 Translocations
 + Level 0.4 Transmutations
 + Level 3.2 Air Magic


You had 10 spell levels left.
You knew the following spells:

 Your Spells              Type           Power      Damage    Failure   Level
a - Magic Dart            Conj           80%        1d7       3%          1
b - Blink                 Tloc           30%        N/A       9%          2
c - Call Imp              Summ           23%        N/A       4%          2
d - Slow                  Hex            40%        N/A       10%         1
e - Beastly Appendage     Tmut           20%        N/A       9%          1
f - Mephitic Cloud        Conj/Pois/Air  17%        N/A       14%         3
g - Conjure Flame         Conj/Fire      14%        6-21      19%         3

Your spell library contained the following spells:

 Spells                   Type           Power      Damage    Failure   Level
 Call Canine Familiar     Summ           23%        N/A       9%          3
 Portal Projectile        Hex/Tloc       24%        N/A       22%         3
 Passage of Golubria      Tloc           15%        N/A       52%         4
 Leda's Liquefaction      Hex/Erth       4%         N/A       69%         4
 Silence                  Hex/Air        8%         N/A       82%         5
 Lehudib's Crystal Spear  Conj/Erth      7%         10d3      100%        8


Dungeon Overview and Level Annotations

Branches:
Dungeon (5/15)
 Temple: D:4-7

Altars:
Cheibriados
Elyvilon
Kikubaaqudgha
Makhleb
Sif Muna
Uskayaw
The Shining One

Annotations:
D:3 1 runed translucent door, Andrakon's ghost, amateur KoVM
D:5 fleeber's ghost, amateur MfGl


Innate Abilities, Weirdness & Mutations

You have temporarily grown beastly horns and talons.


Message History

A beastly little devil appears in a puff of frigid air.
Fleeber's ghost turns its malevolent gaze towards you.
You swap places.
Your white imp closely misses fleeber's ghost.
Fleeber's ghost hits your white imp!
Your white imp dies!
Your white imp disappears in a puff of smoke!
Casting: Call Imp (safe; 4% risk of failure)
Confirm with . or Enter, or press ? or * to list all spells.
You miscast Call Imp.
You are very lightly contaminated with residual magic.
Nothing appears to happen.
Casting: Call Imp (safe; 4% risk of failure)
Confirm with . or Enter, or press ? or * to list all spells.
You grow a pair of large bovine horns.
Your feet morph into talons.
Your +0 helmet melds into your body.
Fleeber's ghost attacks as you move away!
Fleeber's ghost hits you.
* * * LOW HITPOINT WARNING * * *
Casting: Beastly Appendage (safe; 9% risk of failure)
Confirm with . or Enter, or press ? or * to list all spells.
You blink.
Your transformation is almost over.
Your +2 hand axe of venom stops dripping with poison.
b - a +0 arbalest (weapon)
Fire: b) +0 arbalest
Press: ? - help, Q - select action, (/) - cycle Shift-Dir - straight line, f/p - fleeber's ghost
Aim: fleeber's ghost (almost destroyed, 46% to hit)
You shoot a bolt.
The bolt closely misses fleeber's ghost.
Your +2 hand axe of venom begins to drip with poison!
a - a +2 hand axe of venom (weapon)
Fleeber's ghost hits you but does no damage.
You are too injured to fight recklessly!
You are too injured to fight recklessly!
Casting: Blink (safe; 9% risk of failure)
Confirm with . or Enter, or press ? or * to list all spells.
A beastly little devil appears in a puff of flame.
Fleeber's ghost hits you!
You die...

##.## #######.# #.#
#.# #.# #.# ##)## #.#
#...## #.# ..)..## ###
#.# ).....## ##.###5#
.......####...##.#
.......'.....<.#@#####
.......###.......W...#
......## #.#.###..##.#
.....## #.#.###..##.#
#...## #.#.#....##.#
##'## #........##.#
#.#########.#.#####.#
#.......# #.#.#####.#
##..####.# #.........#


You could see fleeber's ghost (ally target) and a friendly crimson imp
(summoned).

Vanquished Creatures
  Grinder (D:3)
  Sigmund (D:3)
  A water moccasin (D:5)
  An ice beast (D:5)
  A phantom (D:5)
  A necrophage (D:2)
  A howler monkey (D:5)
  2 hounds (D:5)
  An orc priest (D:4)
  4 jellies
  Terence (D:3)
  3 orc wizards
  5 gnolls
  2 adders (D:2)
  A shadow imp (D:5)
  A white imp (D:5)
  2 dart slugs (D:3)
  15 orcs
  2 endoplasms (D:1)
  4 goblins
  5 hobgoblins
  8 jackals
  6 kobolds
  2 quokkas
  7 ball pythons
  5 bats
  2 frilled lizards (D:1)
  3 rats (D:3)
88 creatures vanquished.

Vanquished Creatures (collateral kills)
  A jelly (D:5)
  A hound (D:5)
  An orc wizard (D:4)
  7 gnolls
  2 adders
  A worm (D:2)
  4 orcs
  A bat (D:3)
  An endoplasm (D:2)
  A goblin (D:2)
  A hobgoblin (D:1)
  4 jackals (D:4)
25 creatures vanquished.

Vanquished Creatures (others)
  7 fungi (D:3)
  A plant (D:3)
8 creatures vanquished.

Grand Total: 121 creatures vanquished

Notes
Turn   | Place    | Note
-------+----------+-------------------------------------------
     0 | D:1      | promet the Deep Elf Hedge Wizard began the quest for the
                  | Orb.
     0 | D:1      | Reached XP level 1. HP: 10/10 MP: 7/7
   317 | D:1      | Reached XP level 2. HP: 12/15 MP: 5/9
   320 | D:1      | Learned a level 2 spell: Blink
   323 | D:1      | Learned a level 2 spell: Call Imp
   325 | D:1      | Learned a level 1 spell: Slow
   445 | D:1      | Reached skill level 5 in Spellcasting
  1336 | D:2      | Noticed a necrophage
  1468 | D:2      | Killed a necrophage
  1469 | D:2      | Reached XP level 3. HP: 4/20 MP: 3/12
  1469 | D:2      | Reached XP level 4. HP: 5/24 MP: 3/13
  1856 | D:2      | Reached skill level 1 in Fighting
  2232 | D:2      | Found a white marble altar of Elyvilon.
  2772 | D:3      | Found a faded altar of an unknown god.
  2786 | D:3      | Got Plato's Opusculum on Sculpting
  2918 | D:3      | Reached XP level 5. HP: 28/29 MP: 8/15
  3291 | D:3      | Noticed Sigmund
  3373 | D:3      | Killed Sigmund
  3374 | D:3      | Reached skill level 6 in Spellcasting
  3374 | D:3      | Reached XP level 6. HP: 35/35 MP: 13/17
  3487 | D:3      | Learned a level 1 spell: Beastly Appendage
  3492 | D:3      | Noticed Grinder
  3523 | D:3      | Paralysed by Grinder for 4 turns
  3950 | D:3      | Found a runed translucent door.
  3978 | D:3      | Noticed Andrakon's ghost (amateur KoVM)
  4605 | D:3      | Noticed Terence
  4624 | D:3      | Killed Terence
  4625 | D:3      | Reached skill level 7 in Spellcasting
  4956 | D:3      | Learned a level 3 spell: Mephitic Cloud
  5055 | D:3      | Found a glowing golden altar of the Shining One.
  5364 | D:3      | Killed Grinder
  5365 | D:3      | Reached skill level 1 in Air Magic
  5365 | D:3      | Reached XP level 7. HP: 19/40 MP: 16/19
  6761 | D:4      | Found a hide-covered altar of Uskayaw.
  6767 | D:4      | Found a snail-covered altar of Cheibriados.
  6770 | D:4      | Found a burning altar of Makhleb.
  6773 | D:4      | Found an ancient bone altar of Kikubaaqudgha.
  6779 | D:4      | Became a worshipper of Makhleb the Destroyer
  7194 | D:5      | Entered Level 5 of the Dungeon
  7456 | D:5      | Reached skill level 1 in Ranged Weapons
  7592 | D:5      | Reached skill level 1 in Axes
  7592 | D:5      | Reached skill level 5 in Stealth
  7965 | D:5      | Reached XP level 8. HP: 45/45 MP: 18/21
  8189 | D:5      | Reached skill level 1 in Armour
  8189 | D:5      | Reached skill level 8 in Spellcasting
  8342 | D:5      | Found a runed translucent door.
  8502 | D:5      | Noticed fleeber's ghost (amateur MfGl)
  9325 | D:5      | Found a shimmering blue altar of Sif Muna.
  9416 | D:5      | Learned a level 3 spell: Conjure Flame
  9998 | D:5      | HP: 1/46 [fleeber's ghost (11)]
 10016 | D:5      | HP: 1/46 [fleeber's ghost (2)]
 10021 | D:5      | Mangled by fleeber's ghost

Illustrated notes

Levels and vault maps discovered:
D:1:      moated_graveyard_arrival, layout_basic, dreamdust_wishing_well,
          serial_park_tiny_2
D:2:      layout_basic, basic_altar, hangedman_decor_push,
          minmay_indecisive_spiral
D:3:      layout_basic, mainiacjoe_overflow_chevrons,
          shapermc_ecumenical_altar_rom_forum, ebering_ghost_sewer_d,
          serial_co_window_serial, co_window_of_opportunity_a,
          co_window_paths_a, co_window_paths_a, co_window_corner_a,
          co_window_corner_a, co_window_paths_c, co_window_cross_2,
          co_window_unsneaky_path_d, co_window_unsneaky_path_a,
          co_window_4corner_a, glass_columns_b, glass_columns_a,
          glass_columns_a, glass_columns_b, glass_columns_b, chequers_garden,
          uniq_sigmund, uniq_grinder, uniq_terence
D:4:      layout_layer_cave, grunt_temple_overflow_cloverleaf, serial_glass,
          glass_columns_c, glass_columns_c, glass_columns_c, glass_columns_a,
          glass_columns_a, glass_columns_c, item_on_display_a,
          grunt_ministairs_6
D:5:      layout_loops_corners, kennysheep_orc_sif_temple,
          hellmonk_ghost_happy_afterlife

Skill      XL: |  1  2  3  4  5  6  7  8 |
---------------+-------------------------+-----
Spellcasting   | 5 6 7 8 |  8.2
Stealth        | 3 4 5 |  5.0
Fighting       | 1 2 3 |  3.4
Dodging        | 3 |  3.7
Conjurations   | 2 |  2.6
Summonings     | 2 3 |  3.3
Air Magic      | 1 2 3 |  3.2
Ranged Weapons | 1 |  1.3
Axes           | 1 |  1.5
Armour         | 1 |  1.1
Short Blades   | |  0.5
Polearms       | |  0.1
Hexes          | |  0.2
Translocations | |  1.3
Transmutations | |  0.4

Action                   |  1- 3 |  4- 6 |  7- 9 || total
-------------------------+-------+-------+-------++-------
Melee: Dagger            |    13 |    31 |       ||    44
       Spear             |     6 |     5 |       ||    11
       Hand axe          |       |    19 |   118 ||   137
       Halberd           |       |     8 |       ||     8
       Headbutt          |       |     4 |     4 ||     8
       Kick              |       |     4 |     9 ||    13
       Punch             |       |       |     2 ||     2
 Fire: Sling             |       |     8 |     6 ||    14
       Arbalest          |       |       |    13 ||    13
Throw: Boomerang         |       |     1 |     1 ||     2
 Cast: Magic Dart        |    41 |    44 |    36 ||   121
       Call Imp          |     6 |    24 |    31 ||    61
       Blink             |       |     2 |     4 ||     6
       Beastly Appendage |       |     3 |     8 ||    11
       Slow              |       |     1 |       ||     1
       Mephitic Cloud    |       |       |     2 ||     2
       Conjure Flame     |       |       |     2 ||     2
  Use: Scroll            |     4 |     6 |     5 ||    15
       Potion            |       |     3 |     1 ||     4
 Stab: Sleeping          |     2 |       |     5 ||     7
       Distracted        |       |     1 |     2 ||     3
       Fleeing           |       |     1 |       ||     1
       Confused          |       |       |     2 ||     2
Armor: Robe              |     3 |    15 |     5 ||    23
       Leather armour    |       |       |    28 ||    28
Dodge: Dodged            |    16 |    59 |    74 ||   149
